 Dungeon Crawl Stone Soup version 0.28-a0-980-g3664467d6e (webtiles) character file.

Game seed: 9038519155150332965

53 GregHouse the Chopper (level 3, -1/34 HPs)
             Began as a Hill Orc Monk on Dec 2, 2021.
             Succumbed to an adder's poison
             ... on level 2 of the Dungeon.
             The game lasted 00:03:54 (1382 turns).

GregHouse the Chopper (Hill Orc Monk)               Turns: 1382, Time: 00:03:55

Health: -1/34      AC:  8    Str: 15    XL:     3   Next: 87%
Magic:  3/3        EV:  7    Int: 10    God:
Gold:   17         SH:  0    Dex: 13    Spells: 2/2 levels left

rFire   . . .      SeeInvis .   a - +0 hand axe
rCold   . . .      Faith    .   (no shield)
rNeg    . . .      Spirit   .   e - +0 chain mail
rPois   .          Reflect  .   (no helmet)
rElec   .          Harm     .   (no cloak)
rCorr   .          Rampage  .   (no gloves)
Will    .....                   (no boots)
Stlth   ..........              (no amulet)
HPRegen 0.11/turn               (no ring)
MPRegen 0.08/turn               (no ring)

@: lethally poisoned (-1 -> -6)
A: no striking features
a: no special abilities


You were on level 2 of the Dungeon.
You visited 1 branch of the dungeon, and saw 3 of its levels.

You collected 17 gold pieces.

Inventory:

Hand Weapons
 a - a +0 hand axe (weapon)
Armour
 b - a +0 robe
 e - a +0 chain mail (worn)
Jewellery
 g - an amulet of regeneration
Scrolls
 d - a scroll of fog {unknown}
 h - a scroll of teleportation {unknown}
Potions
 c - a potion of degeneration {unknown}
 f - a potion of haste {unknown}


   Skills:
 + Level 4.3 Fighting
 + Level 5.4 Axes
 + Level 0.8 Armour
 - Level 2.4 Dodging
 + Level 1.6 Stealth


You had 2 spell levels left.
You didn't know any spells.
Your spell library was empty.

Dungeon Overview and Level Annotations

Branches:
Dungeon (3/15)

Altars:


Message History

The adder is moderately wounded.
The adder bites you.
* * * LOW HITPOINT WARNING * * *
You closely miss the adder.
The adder is moderately wounded.
The adder bites you but does no damage.
You miss the adder.
The adder is moderately wounded.
The adder bites you.
* * * LOW HITPOINT WARNING * * *
The adder bites you but does no damage.
You hit the adder.
The adder is almost dead.
The adder closely misses you.
You miss the adder.
The adder is almost dead.
The adder bites you but does no damage.
You miss the adder.
The adder is almost dead.
The adder barely misses you. The adder bites you.
* * * LOW HITPOINT WARNING * * *
You closely miss the adder.
The adder is almost dead.
The adder barely misses you.
You closely miss the adder.
The adder is almost dead.
The adder bites you but does no damage.
You miss the adder.
The adder is almost dead.
The adder bites you but does no damage. The adder bites you.
* * * LOW HITPOINT WARNING * * *
You barely miss the adder.
The adder is almost dead.
The adder bites you.
* * * LOW HITPOINT WARNING * * *
You are lethally poisoned!
The adder poisons you!
You barely miss the adder.
The adder is almost dead.
You die...

### .....# .#...# ..#
#....# #.#...#
#)###....###.#<..#
.#.##........#.#.#
.≈..###........#.#
≈.≈#.##...#....#.#
.≈..#.#...#.##.#.#
≈...#.......#..#.#
....#.#..##.#..#@#
≈...#.#........#S#######
.≈..#....##.####rg......
≈.≈#.######............g
.≈..## ##............
.#.## #.########### #..#
#.# .#.# #)# ...# #.#


You could see an adder, a hobgoblin and a rat.

Vanquished Creatures
  An adder (D:2)
  A dart slug (D:1)
  A bat (D:1)
  4 endoplasms (D:1)
  2 giant cockroaches (D:1)
  8 goblins
  5 hobgoblins
  3 jackals (D:2)
  3 kobolds
  A quokka (D:1)
  3 ball pythons (D:1)
  3 frilled lizards
  2 rats (D:1)
37 creatures vanquished.

Notes
Turn   | Place    | Note
-------+----------+-------------------------------------------
     0 | D:1      | GregHouse the Hill Orc Monk began the quest for the Orb.
     0 | D:1      | Reached XP level 1. HP: 19/19 MP: 1/1
    95 | D:1      | Reached XP level 2. HP: 27/27 MP: 2/2
   628 | D:1      | You fall into a shaft and drop 1 floor!
   657 | D:2      | Reached XP level 3. HP: 30/33 MP: 3/3
   932 | D:1      | Reached skill level 5 in Axes
  1119 | D:2      | Found a faded altar of an unknown god.
  1381 | D:2      | HP: 1/34 [adder (1)]
  1382 | D:2      | Succumbed to an adder's poison

Illustrated notes

Levels and vault maps discovered:
D:1:      dpeg_arrival_rooms_a, layout_rooms
D:2:      layout_basic, shapermc_ecumenical_altar_starsandcircs,
          minmay_hedge_maze
D:3:      layout_loops_ring, lemuel_blue_sif_altar, ebering_ghost_sewer_d

Skill      XL: |  1  2  3 |
---------------+----------+-----
Fighting       | 4 |  4.3
Axes           | 5 |  5.4
Armour         | |  0.8
Dodging        | |  2.4
Stealth        | |  1.6

Action                   || total
-------------------------++-------
Melee: Hand axe          ||   163
Armor: Robe              ||    10
       Chain mail        ||    63
Dodge: Dodged            ||    66

Table legend: (Time is in decaauts)
 A = Elapsed time spent in this place.
 B = Non-inter-level travel time spent in this place.
 C = Inter-level travel time spent in this place.
 D = Time resting spent in this place.
 E = Time spent auto-exploring this place.
 F = Levels seen in this place.
 G = Mean time per level.
                   A        B        C        D        E       F      G
               +--------+--------+--------+--------+--------+-----+--------+
         Total |   1397 |   1389 |      8 |    257 |    697 |   3 |  465.7 |
       Dungeon |   1397 |   1389 |      8 |    257 |    697 |   3 |  465.7 |
               +--------+--------+--------+--------+--------+-----+--------+

Top non-repeatable levels by time:
     D:1: 982 daAuts
     D:2: 413 daAuts
     D:3: 1 daAuts
